 Dungeon Crawl Stone Soup version 0.31-a0-609-g7bf6ffcfed (webtiles) character file.

Game seed: 10194324910647354703

760 thirtiethelement the Firebug (level 7, -1/47 HPs)
             Began as a Demonspawn Cinder Acolyte on Aug 21, 2023.
             Was an Elder of Ignis.
             Slain by a troll (11 damage)
             ... on level 5 of the Dungeon.
             The game lasted 00:10:49 (4414 turns).

thirtiethelement the Firebug (DsCA)                 Turns: 4414, Time: 00:10:49

Health: -1/47      AC:  3    Str: 14    XL:     7   Next: 51%
Magic:  5/13       EV: 11    Int: 17    God:    Ignis [****..]
Gold:   175        SH:  0    Dex:  9    Spells: 9/14 levels left

rFire   + . .        d - +5 war axe of True Grit {flame, *Rage rPois Will+++ rCorr}
rCold   . . .        (no shield)
rNeg    . . .        b - +0 robe
rPois   +            (no helmet)
rElec   .            (no cloak)
rCorr   +            (no gloves)
SInv    +            i - +0 pair of boots
Will    +++..        (no amulet)
Stlth   +            m - ring of see invisible
HPRegen 0.27/turn    x - ring of wizardry
MPRegen 0.13/turn

%: random rage (20%), wizardry (x1)
@: no status effects
A: foul stench 2, demonic touch 1, frail 1, MP-powered wands
a: Renounce Religion, Fiery Armour, Foxfire Swarm, Rising Flame


You were on level 5 of the Dungeon.
You worshipped Ignis.
Ignis was greatly pleased with you.
You visited 1 branch of the dungeon, and saw 5 of its levels.

You collected 175 gold pieces.

Inventory:

Hand Weapons
 d - the +5 war axe of True Grit (weapon) {flame, *Rage rPois Will+++ rCorr}
   (You found it on level 3 of the Dungeon)

   rPois:     It protects you from poison Will+++: It greatly increases your
   willpower.
   *Rage:     It berserks you when you make melee attacks (+20% chance).
   rCorr:     It protects you from acid and corrosion.
Missiles
 a - 6 javelins (quivered)
Armour
 b - a +0 robe (worn)
 e - a +0 chain mail of fire resistance
 i - a +0 pair of boots (worn)
Jewellery
 m - a ring of see invisible (left hand)
 w - a +6 ring of dexterity
 x - a ring of wizardry (right hand)
Scrolls
 c - 2 scrolls of amnesia {unknown}
 f - 4 scrolls of identify {unknown}
 g - 3 scrolls of teleportation {unknown}
 j - a scroll of noise {unknown}
 k - a scroll of poison {unknown}
 l - 2 scrolls of fog {unknown}
 n - a scroll of fear {unknown}
 q - 2 scrolls of immolation {unknown}
 s - a scroll of blinking {unknown}
 t - a scroll of revelation {unknown}
 v - a scroll of acquirement {unknown}
Potions
 h - a potion of might
 o - 2 potions of attraction {unknown}
 p - 2 potions of enlightenment {unknown}
 r - a potion of heal wounds {unknown}
 u - a potion of curing


   Skills:
 + Level 3.8 Fighting
 + Level 4.0 Axes
 + Level 1.2 Dodging
 + Level 1.0 Stealth
 + Level 4.1 Spellcasting
 + Level 0.1 Conjurations
 + Level 0.3 Hexes
 + Level 5.4 Fire Magic


You had 9 spell levels left.
You knew the following spells:

 Your Spells              Type           Power      Damage    Failure   Level
a - Scorch                Fire           44%        2d6       1%          2
b - Slow                  Hex            16%        N/A       5%          1
c - Searing Ray           Conj           8%         2d4       9%          2

Your spell library contained the following spells:

 Spells                   Type           Power      Damage    Failure   Level
 Magic Dart               Conj           16%        1d3       6%          1
 Confusing Touch          Hex            4%         N/A       16%         3
 Vampiric Draining        Necr           3%         2d6       19%         3
 Fulminant Prism          Conj/Hex       2%         3d5       45%         4


Dungeon Overview and Level Annotations

Branches:
Dungeon (5/15)
 Temple: D:4-7

Altars:
Cheibriados
Dithmenos
Gozag
Okawaru


Innate Abilities, Weirdness & Mutations

You sometimes emit foul miasma when damaged in melee.
Your touch may inflict minor irresistible damage on your foes.
You are frail. (-10% HP)
You expend magic power (3 MP) to strengthen your wands.


Message History

You finish channelling your searing ray.
Menkaure barely misses you.
Casting: Searing Ray (safe; 10% risk of failure)
Confirm with . or Enter, or press ? or * to list all spells.
Flames lash Menkaure.
Menkaure is burned terribly!
You destroy Menkaure!
Your Axes skill increases to level 4!
Your Stealth skill increases to level 1!
Your Spellcasting skill increases to level 4!
There is an open door here.
You open the door.
A troll comes into view.
The troll shouts!
Found 14 gold pieces.
Casting: Scorch (safe; 1% risk of failure)
Confirm with . or Enter, or press ? or * to list all spells.
Flames lash the troll.
The troll is lightly wounded.
The troll's fire resistance burns away.
Casting: Scorch (safe; 1% risk of failure)
Confirm with . or Enter, or press ? or * to list all spells.
Flames lash the troll.
The troll is burned terribly!
The troll is moderately wounded.
The troll bites you. The troll claws you. x2
Casting: Scorch (safe; 1% risk of failure)
Confirm with . or Enter, or press ? or * to list all spells.
Flames lash the troll.
The troll is burned terribly!
The troll is heavily wounded.
The troll closely misses you. The troll barely misses you. The troll claws you.
Casting: Scorch (safe; 1% risk of failure)
Confirm with . or Enter, or press ? or * to list all spells.
Flames lash the troll.
The troll is burned terribly!
The troll is severely wounded.
The troll bites you! The troll claws you!
* * * LOW HITPOINT WARNING * * *
You emit a cloud of foul miasma!
The troll misses you.
The troll is engulfed in dark miasma.
The troll is poisoned.
The troll seems to slow down.
The troll attacks as it pursues you! The troll bites you!
You die...

..#..................).#.........
..#..................))#.........
..#....<...............#..<......
'##....................#########+
............###'##.........
............#....#..........
............#....#...........
............#....#......>....
............#...@#...........
............#...T#...........
............####ยง# ####......###
..# #......# $... #......# .....
#......# ....... #......#........
#......#........#


You could see a troll (poisoned, slow, combustible).

Vanquished Creatures
  Menkaure (D:5)
  A water moccasin (D:5)
  A scorpion (D:3)
  A jelly (D:4)
  An orc priest (D:4)
  2 hounds
  2 iguanas
  A sleepcap (D:5)
  2 orc wizards (D:5)
  A mummy (D:3)
  9 gnolls
  8 adders
  2 dart slugs (D:2)
  8 orcs
  5 ball pythons
  3 endoplasms
  6 giant cockroaches
  8 goblins
  5 hobgoblins
  3 quokkas
  5 bats
  2 frilled lizards
  4 kobolds
  6 rats
87 creatures vanquished.

Notes
Turn   | Place    | Note
-------+----------+-------------------------------------------
     0 | D:1      | thirtiethelement the Demonspawn Cinder Acolyte began the
                  | quest for the Orb.
     0 | D:1      | Reached XP level 1. HP: 18/18 MP: 2/2
   192 | D:1      | Gained mutation: You may rarely emit foul miasma when
                  | damaged in melee. [demonic ancestry]
   192 | D:1      | Reached XP level 2. HP: 14/24 MP: 3/3
   195 | D:1      | Learned a level 2 spell: Scorch
   392 | D:1      | Reached skill level 3 in Fire Magic
   648 | D:1      | Reached XP level 3. HP: 29/29 MP: 1/4
   701 | D:1      | Found a faded altar of an unknown god.
  1375 | D:2      | Gained mutation: Your touch may inflict minor irresistible
                  | damage on your foes. [demonic ancestry]
  1375 | D:2      | Reached XP level 4. HP: 35/35 MP: 1/6
  1777 | D:3      | Learned a level 1 spell: Slow
  1802 | D:3      | Found a shadowy altar of Dithmenos.
  1878 | D:3      | Noticed a scorpion
  1889 | D:3      | Gained mutation: Your body sometimes deteriorates upon
                  | taking damage. [potion of mutation]
  1889 | D:3      | Gained mutation: You have an increased reservoir of magic.
                  | (+10% MP) [potion of mutation]
  1889 | D:3      | Killed a scorpion
  1890 | D:3      | Reached skill level 1 in Dodging
  1890 | D:3      | Reached XP level 5. HP: 6/41 MP: 3/9
  1999 | D:3      | Lost mutation: You have an increased reservoir of magic.
                  | (+10% MP) [potion of mutation]
  1999 | D:3      | Lost mutation: Your body sometimes deteriorates upon taking
                  | damage. [potion of mutation]
  1999 | D:3      | Gained mutation: You have sharp toenails. [potion of
                  | mutation]
  1999 | D:3      | Gained mutation: Your flesh is heat resistant. (rF+)
                  | [potion of mutation]
  1999 | D:3      | Gained mutation: You are vulnerable to cold. (rC-) [potion
                  | of mutation]
  2329 | D:3      | Identified the +5 war axe of True Grit {flame, *Rage rPois
                  | Will+++ rCorr}
  2514 | D:3      | Found a snail-covered altar of Cheibriados.
  2522 | D:3      | Reached skill level 4 in Fire Magic
  2683 | D:3      | Found an iron altar of Okawaru.
  2688 | D:3      | Gained mutation: You sometimes emit foul miasma when
                  | damaged in melee. [demonic ancestry]
  2688 | D:3      | Reached XP level 6. HP: 48/48 MP: 5/10
  2812 | D:3      | You fall into a shaft and drop 2 floors!
  2812 | D:5      | Entered Level 5 of the Dungeon
  3686 | D:3      | Learned a level 2 spell: Searing Ray
  3990 | D:5      | Noticed a water moccasin
  3994 | D:5      | Killed a water moccasin
  3995 | D:5      | Reached skill level 5 in Fire Magic
  3995 | D:5      | Reached XP level 7. HP: 44/53 MP: 7/12
  4053 | D:5      | Lost mutation: Your flesh is heat resistant. (rF+) [potion
                  | of mutation]
  4053 | D:5      | Lost mutation: You are vulnerable to cold. (rC-) [potion of
                  | mutation]
  4053 | D:5      | Lost mutation: You have sharp toenails. [potion of
                  | mutation]
  4053 | D:5      | Gained mutation: Your spells are a little easier to cast,
                  | but a little less powerful. [potion of mutation]
  4053 | D:5      | Gained mutation: You are frail. (-10% HP) [potion of
                  | mutation]
  4053 | D:5      | Lost mutation: Your spells are a little easier to cast, but
                  | a little less powerful. [potion of mutation]
  4053 | D:5      | Gained mutation: You expend magic power (3 MP) to
                  | strengthen your wands. [potion of mutation]
  4286 | D:5      | Found an opulent altar of Gozag.
  4309 | D:5      | Noticed Menkaure
  4318 | D:5      | Killed Menkaure
  4319 | D:5      | Reached skill level 1 in Stealth
  4409 | D:5      | Noticed a troll
  4414 | D:5      | Slain by a troll

Illustrated notes

Levels and vault maps discovered:
D:1:      eino_arrival_water_cross, layout_basic,
          ebering_ecumenical_altar_petrified
D:2:      layout_rooms, serial_glass, glass_columns_b, glass_columns_c
D:3:      layout_basic, grunt_dithmenos_smoke_and_mirrors,
          kennysheep_okawaru_gauntlet, chei_slow_surprise
D:4:      layout_rooms
D:5:      layout_gridville, nicolae_overflow_hidden_temple,
          chequers_mini_garden, chequers_serial_rivers_micro_c, uniq_menkaure

Skill      XL: |  1  2  3  4  5  6  7 |
---------------+----------------------+-----
Axes           | 3 4 |  4.0
Fire Magic     | 3 4 5 |  5.4
Spellcasting   | 2 3 4 |  4.1
Dodging        | 1 |  1.2
Stealth        | 1 |  1.0
Fighting       | |  3.8
Conjurations   | |  0.1
Hexes          | |  0.3

Action                     |  1- 3 |  4- 6 |  7- 9 || total
---------------------------+-------+-------+-------++-------
  Melee: Hand axe          |    74 |    11 |       ||    85
         Touch             |       |     3 |       ||     3
         War axe           |       |    25 |       ||    25
  Throw: Javelin           |       |     1 |       ||     1
   Cast: Scorch            |    16 |    50 |    12 ||    78
         Slow              |       |     2 |     4 ||     6
         Searing Ray       |       |     2 |     1 ||     3
 Invoke: Fiery Armour      |     1 |     2 |       ||     3
    Use: Potion            |       |     5 |     1 ||     6
 Armour: Robe              |    15 |    14 |     1 ||    30
  Dodge: Dodged            |    62 |    29 |     8 ||    99

Table legend: (Time is in decaauts)
 A = Elapsed time spent in this place.
 B = Non-inter-level travel time spent in this place.
 C = Inter-level travel time spent in this place.
 D = Time resting spent in this place.
 E = Time spent auto-exploring this place.
 F = Levels seen in this place.
 G = Mean time per level.
                   A        B        C        D        E       F      G
               +--------+--------+--------+--------+--------+-----+--------+
         Total |   4476 |   4389 |     87 |    165 |   3632 |   5 |  895.2 |
       Dungeon |   4476 |   4389 |     87 |    165 |   3632 |   5 |  895.2 |
               +--------+--------+--------+--------+--------+-----+--------+

Top non-repeatable levels by time:
     D:3: 1314 daAuts
     D:1: 1012 daAuts
     D:4: 764 daAuts
     D:5: 707 daAuts
     D:2: 678 daAuts
